 Dungeon Crawl Stone Soup version 0.26-a0-667-g92642533e4 (webtiles) character file.

Game seed: 7782405013968989337

35313 grandjackal the Bringer of Life (level 13, 0/177 HPs)
             Began as a Hill Orc Fire Elementalist on Oct 17, 2020.
             Was the Champion of Elyvilon.
             Slain by a harpy (7 damage)
             ... summoned by Kirke
             ... while paralysed by a sphinx
             ... on level 4 of the Lair of Beasts.
             The game lasted 00:47:58 (23281 turns).

grandjackal the Bringer of Life (HOFE)             Turns: 23281, Time: 00:47:58

Health: 0/177      AC: 26    Str: 15    XL:     13   Next: 83%
Magic:  16/22      EV:  2    Int: 16    God:    Elyvilon [******]
Gold:   1666       SH:  0    Dex: 11    Spells: 3/16 levels left

rFire    + . .     SeeInvis .   T - +2 war axe (flame)
rCold    x . .     Faith    .   v - +0 buckler
rNeg     + + +     Spirit   .   (armour currently unavailable)
rPois    +         Reflect  .   (helmet currently unavailable)
rElec    .         Harm     .   (cloak currently unavailable)
rCorr    .         Rampage  .   (gloves currently unavailable)
MR       .....     NoTele   +   (boots currently unavailable)
Stlth    ++........             K - amulet of regeneration
HPRegen  0.79/turn              D - ring of poison resistance
MPRegen  0.18/turn              a - ring of fire

@: paralysed, tree-form (expiring), slowed
A: no striking features
a: Lesser Healing, Heal Other, Purification, Greater Healing, Divine Vigour,
Divine Protection, Renounce Religion


You were on level 4 of the Lair of Beasts.
You worshipped Elyvilon.
Elyvilon was exalted by your worship.
You were a tree.
You visited 4 branches of the dungeon, and saw 19 of its levels.
You also visited: Ice Cave.

You collected 1666 gold pieces.

Inventory:

Hand Weapons
 B - a +1 flail of protection
 T - a +2 war axe of flaming (weapon)
 V - a +1 vorpal war axe
Missiles
 s - a throwing net (quivered)
Armour
 h - the +4 kite shield of Leapfrog {rN+ Regen+ SInv}
   (You acquired it on level 3 of the Lair of Beasts)

   It protects you from negative energy.
   It lets you see invisible.
   It increases your rate of regeneration.
 u - a +2 hat of magic resistance (melded)
 v - a +0 buckler (worn)
 w - a cursed -2 tower shield
 z - a +0 scale mail of poison resistance
 N - a +2 ring mail of poison resistance
 O - the cursed +0 plate armour of the Wilderness (melded) {rElec rF+ rC+}
   (You found it on level 7 of the Dungeon)

   It protects you from fire.
   It protects you from cold.
   It insulates you from electricity.
   It has a curse placed upon it.
 P - a +2 pair of gloves (melded)
 S - a +0 cloak (melded)
 U - a +0 pair of boots (melded)
Magical Staves
 i - an uncursed staff of conjuration {unknown}
Jewellery
 a - a ring of fire (right branch)
 p - an uncursed ring of ice
 D - a ring of poison resistance (left branch)
 I - an uncursed amulet of reflection {unknown}
 K - an amulet of regeneration (around neck)
 Q - an uncursed ring of positive energy {unknown}
Wands
 c - a wand of iceblast (13)
 f - a wand of flame (28)
 n - a wand of enslavement (7)
 x - a wand of digging (5)
 L - a wand of disintegration (2)
 R - a wand of acid (9)
Scrolls
 b - 4 scrolls of enchant armour {unknown}
 d - 2 scrolls of random uselessness {unknown}
 g - 5 scrolls of fog
 k - 2 scrolls of blinking
 o - 3 scrolls of amnesia
 r - 4 scrolls of teleportation
 t - 8 scrolls of remove curse
 y - 2 scrolls of enchant weapon {unknown}
 C - 2 scrolls of immolation
 F - 5 scrolls of fear {unknown}
 J - a scroll of silence
Potions
 e - a potion of lignification
 j - 7 potions of cancellation
 l - a potion of invisibility
 m - 4 potions of flight
 q - 3 potions of mutation
 A - 4 potions of ambrosia
 E - 5 potions of curing
 G - a potion of brilliance
 H - 3 potions of stabbing
 M - a potion of heal wounds


   Skills:
 + Level 12.3 Fighting
 + Level 6.3 Axes
 + Level 11.1 Armour
 - Level 1.5 Dodging
 - Level 1.5 Stealth
 + Level 5.9 Shields
 - Level 2.2 Spellcasting
 - Level 10.0 Conjurations
 - Level 10.4 Fire Magic
 + Level 12.6 Invocations


You had 3 spell levels left.
You knew the following spells:

 Your Spells              Type           Power        Failure   Level
a - Foxfire               Conj/Fire      ####         1%          1
b - Conjure Flame         Conj/Fire      ######..     1%          3
c - Sticky Flame          Conj/Fire      ######..     3%          4
d - Fireball              Conj/Fire      ######....   9%          5

Your spell library contained the following spells:

 Spells                   Type           Power        Failure   Level
 Magic Dart               Conj           ####         1%          1
 Shock                    Conj/Air       ###.         2%          1
 Inner Flame              Hex/Fire       ####....     7%          3
 Static Discharge         Conj/Air       ###.....     8%          3
 Mephitic Cloud           Conj/Pois/Air  ##......     16%         3
 Blink                    Tloc           N/A          30%         2
 Call Imp                 Summ           #.......     30%         2
 Slow                     Hex            #.......     30%         2
 Swiftness                Air            #.......     30%         2
 Lightning Bolt           Conj/Air       ###.......   58%         5
 Airstrike                Air            #.........   90%         4
 Animate Dead             Necr           #.........   90%         4
 Borgnjor's Vile Clutch   Necr/Erth      #.........   99%         5
 Death Channel            Necr           #.........   100%        6
 Simulacrum               Ice/Necr       #.........   100%        6


Dungeon Overview and Level Annotations

Branches:
Dungeon (12/15)            Temple (1/1) D:4            Lair (4/6) D:8
  Swamp (0/4) Lair:3       Spider (0/4) Lair:3          Orc (2/2) D:10
  IceCv (visited)
    Elf: Orc:2

Altars:
Ashenzari
Cheibriados
Dithmenos
Elyvilon
Fedhas
Gozag
Hepliaklqana
Kikubaaqudgha
Makhleb
Nemelex Xobeh
Okawaru
Qazlal
Ru
Sif Muna
Trog
Uskayaw
Vehumet
Wu Jian
Xom
Yredelemnul
Zin
The Shining One
Beogh

Shops:
D:4 =

Annotations:
D:4 1 runed translucent door, dduke's ghost, amateur DsFi
Lair:1 1 runed translucent door, djmy96's ghost, journeyman VSMo
Lair:2 2 runed translucent doors, miscthings's ghost, journeyman KoBe
Lair:3 1 runed translucent door, thriggle's ghost, journeyman BaIE
Lair:4 Kirke


Message History

You block the harpy's attack.
The harpy claws you but does no damage. x3
The sphinx casts a spell.
You suddenly lose the ability to move!
The hog bites you.
* * * LOW HITPOINT WARNING * * *
Kirke hits you!
* * * LOW HITPOINT WARNING * * *
The harpy claws you but does no damage. x2; The sphinx hits you!
* * * LOW HITPOINT WARNING * * *
The sphinx hits you but does no damage. x2
The hog bites you but does no damage. Kirke casts a spell at you.
You struggle to resist.
Your transformation is almost over.
The harpy screeches!
Kirke burns!
The harpy claws you but does no damage. x2
The hog bites you but does no damage.
The sphinx hits you but does no damage. x3
Kirke hits you.
* * * LOW HITPOINT WARNING * * *
Kirke burns!
The harpy claws you!
You die...

## #################
#####.##.##.#..##.##P#P.
........................
........................
......H.H...............
..#.H†♣#..#.....###...#
##.h@#####....###...#
#...# #.....##....#
#.... #.#....#P....#
#...# ###....###...#
....# ....####....
##...# ...... #....#
#...# ##.... ##P...#
.##P....#


You could see Kirke (burning), a sphinx (summoned), 2 harpies and a hog.

Vanquished Creatures
  Gastronok (Lair:2)
  2 hydras
  A death knight (D:7)
  2 two-headed ogres (D:11)
  2 death yaks
  An orc high priest (Orc:1)
  2 unseen horrors
  Pikel (D:7)
  An orb spider (Lair:3)
  4 ugly things
  A salamander (D:11)
  An orc sorcerer (D:10)
  5 black mambas
  Maurice (D:12)
  A gargoyle (D:10)
  4 cane toads
  2 ice devils (D:11)
  7 komodo dragons
  2 trolls
  2 hornets
  4 polar bears
  6 blink frogs
  A wraith (D:12)
  2 wyverns
  32 yaks
  2 basilisks (Lair:1)
  3 hogs (Lair:4)
  4 vampire mosquitoes (D:12)
  A death yak simulacrum (IceCv)
  Edmund (D:4)
  A warg (Orc:1)
  Menkaure (D:7)
  A soldier ant (D:12)
  8 water moccasins
  A phantom (D:5)
  2 eyes of draining
  2 ice beasts
  3 sky beasts
  11 orc warriors
  2 black bears
  7 ogres
  11 centaurs
  7 wolves
  17 bullfrogs
  Blork the orc (D:5)
  2 big kobolds
  A water moccasin zombie (D:11)
  2 wyvern zombies
  7 scorpions
  19 killer bees
  3 wights (D:6)
  2 howler monkeys
  A bullfrog zombie (D:7)
  12 orc priests
  A centaur zombie (D:6)
  3 hounds
  9 orc wizards
  2 bullfrog skeletons
  6 jellies
  8 iguanas
  A polar bear simulacrum (IceCv)
  5 worker ants
  A wolf simulacrum (IceCv)
  2 hound zombies
  2 hound skeletons
  3 worker ant zombies
  10 gnolls
  3 howler monkey skeletons
  11 adders
  3 white imps
  5 worms
  3 dart slugs
  2 leopard geckos
  58 orcs
  4 giant cockroaches
  13 hobgoblins
  5 jackals
  8 quokkas
  5 bats
  8 frilled lizards
  8 goblins
  16 kobolds
  9 rats
437 creatures vanquished.

Vanquished Creatures (others)
  282 foxfires
  16 fungi
  28 plants
  4 withered plants
330 creatures vanquished.

Grand Total: 767 creatures vanquished

Notes
Turn   | Place    | Note
-------+----------+-------------------------------------------
     0 | D:1      | grandjackal the Hill Orc Fire Elementalist began the quest
                  | for the Orb.
     0 | D:1      | Reached XP level 1. HP: 14/14 MP: 3/3
   508 | D:1      | Reached XP level 2. HP: 18/22 MP: 1/4
   698 | D:1      | Reached skill level 1 in Fighting
  1310 | D:2      | Reached XP level 3. HP: 17/28 MP: 0/5
  1474 | D:2      | Noticed a centaur
  1484 | D:2      | Killed a centaur
  1484 | D:2      | Reached XP level 4. HP: 18/36 MP: 1/7
  1816 | D:2      | Found a sparkling altar of Nemelex Xobeh.
  2096 | D:2      | Learned a level 3 spell: Conjure Flame
  2129 | D:3      | Reached XP level 5. HP: 38/42 MP: 3/8
  2142 | D:3      | Learned a level 4 spell: Sticky Flame
  2369 | D:3      | Found a shadowy altar of Dithmenos.
  2765 | D:3      | Reached skill level 1 in Armour
  3004 | D:3      | Noticed an eye of draining
  3052 | D:3      | Killed an eye of draining
  3052 | D:3      | Reached XP level 6. HP: 51/51 MP: 0/9
  4053 | D:3      | Found a broken altar of Ashenzari.
  4064 | D:3      | Found a hazy altar of Hepliaklqana.
  4064 | D:3      | Found a blossoming altar of Fedhas.
  4107 | D:4      | Noticed a water moccasin
  4114 | D:4      | Killed a water moccasin
  4114 | D:4      | Reached skill level 5 in Fire Magic
  4259 | D:4      | Found an iron altar of Okawaru.
  4432 | D:4      | Reached XP level 7. HP: 58/58 MP: 7/10
  4792 | D:4      | Found a staircase to the Ecumenical Temple.
  4802 | D:4      | Noticed Edmund
  4806 | Temple   | Entered the Ecumenical Temple
  4938 | Temple   | Became a worshipper of Elyvilon the Healer
  4982 | D:4      | Killed Edmund
  4982 | D:4      | Reached skill level 1 in Invocations
  5281 | D:4      | Found a shimmering blue altar of Sif Muna.
  5703 | D:4      | Found Tyegolih's Jewellery Boutique.
  5862 | D:4      | Found a runed translucent door.
  5866 | D:4      | Noticed dduke's ghost (amateur DsFi)
  6011 | D:5      | Entered Level 5 of the Dungeon
  6028 | D:5      | Found a basalt altar of Yredelemnul.
  6052 | D:5      | Noticed Blork the orc
  6062 | D:5      | Killed Blork the orc
  6062 | D:5      | Reached XP level 8. HP: 45/67 MP: 3/11
  6093 | D:5      | Reached skill level 5 in Fighting
  6302 | D:5      | Reached * piety under Elyvilon
  7417 | D:6      | Found a glowing silver altar of Zin.
  7530 | D:6      | Reached skill level 5 in Conjurations
  7540 | D:6      | Reached skill level 5 in Armour
  7540 | D:6      | Reached XP level 9. HP: 71/75 MP: 7/12
  7637 | D:6      | Reached ** piety under Elyvilon
  8020 | D:7      | Reached skill level 5 in Invocations
  8065 | D:7      | Found a blossoming altar of Fedhas.
  8244 | D:7      | Noticed a death knight
  8244 | D:7      | Noticed a green ugly thing
  8244 | D:7      | Noticed a troll
  8247 | D:7      | Noticed an unseen horror
  8253 | D:7      | Killed an unseen horror
  8267 | D:7      | Noticed Menkaure
  8308 | D:7      | Killed Menkaure
  8617 | D:7      | Noticed Pikel
  8633 | D:7      | Killed Pikel
  8955 | D:7      | Reached XP level 10. HP: 86/86 MP: 9/14
  9030 | D:7      | Reached *** piety under Elyvilon
  9393 | D:7      | Killed a green ugly thing
  9720 | D:7      | Killed a death knight
  9750 | D:7      | Got a scorched plate armour
 10397 | D:8      | Noticed a death yak
 10398 | D:8      | Noticed a death yak
 10398 | D:8      | Noticed a death yak
 10400 | D:8      | Found a staircase to the Lair.
 10400 | D:8      | Noticed a death yak
 10400 | D:8      | Noticed a death yak
 10423 | D:8      | Killed a death yak
 10577 | D:7      | Killed a death yak
 10577 | D:7      | Reached XP level 11. HP: 81/95 MP: 3/17
 10672 | D:7      | Learned a level 5 spell: Fireball
 11008 | D:8      | Found a radiant altar of Vehumet.
 11019 | D:8      | Reached **** piety under Elyvilon
 12239 | D:9      | Found a roughly hewn altar of Beogh.
 12619 | D:9      | Noticed a +0 hand axe
 12619 | D:9      | Noticed a +0 dagger
 12624 | D:9      | Found a hide-covered altar of Uskayaw.
 12958 | D:9      | Found an ornate altar of the Wu Jian Council.
 13329 | D:10     | Entered Level 10 of the Dungeon
 13497 | D:10     | Found a staircase to the Orcish Mines.
 14571 | D:11     | Reached ***** piety under Elyvilon
 14773 | D:11     | Found a frozen archway.
 14790 | D:11     | Reached skill level 10 in Fighting
 14851 | IceCv    | Entered an ice cave
 14964 | D:11     | Noticed a two-headed ogre
 14964 | D:11     | Noticed a two-headed ogre
 14969 | D:11     | Killed a two-headed ogre
 14969 | D:11     | Reached skill level 10 in Fire Magic
 14969 | D:11     | Reached skill level 10 in Invocations
 14973 | D:11     | Killed a two-headed ogre
 14973 | D:11     | Reached XP level 12. HP: 88/106 MP: 0/19
 15331 | D:11     | Noticed Urug
 15333 | D:11     | Noticed Urug
 15333 | D:11     | Urug changed into Urug the salamander
 15355 | D:11     | Killed Urug the salamander
 15445 | D:11     | You fall into a shaft and drop 1 floor!
 15453 | D:12     | Noticed a six-headed hydra
 15462 | D:12     | Noticed Maurice
 16225 | D:11     | Killed a six-headed hydra
 16579 | D:12     | Reached skill level 1 in Shields
 17170 | D:12     | Killed Maurice
 17456 | Orc:1    | Entered Level 1 of the Orcish Mines
 17795 | Orc:1    | Noticed an orc high priest
 17799 | Orc:1    | Killed an orc high priest
 17799 | Orc:1    | Reached skill level 1 in Axes
 17799 | Orc:1    | Reached skill level 10 in Armour
 18296 | Orc:2    | Entered Level 2 of the Orcish Mines
 18305 | Orc:2    | Noticed a stone giant
 18494 | Lair:1   | Entered Level 1 of the Lair of Beasts
 18551 | Lair:1   | Identified the cursed +0 plate armour of the Wilderness
                  | {rElec rF+ rC+} (You found it on level 7 of the Dungeon)
 18660 | Lair:1   | Found a runed translucent door.
 18661 | Lair:1   | Noticed djmy96's ghost (journeyman VSMo)
 19046 | Lair:1   | Reached ****** piety under Elyvilon
 19062 | Lair:1   | Reached XP level 13. HP: 109/116 MP: 21/21
 20059 | Lair:2   | Reached skill level 10 in Conjurations
 20195 | Lair:2   | Found a large runed translucent door.
 20196 | Lair:2   | Found a large runed translucent door.
 20198 | Lair:2   | Noticed miscthings's ghost (journeyman KoBe)
 21155 | Lair:3   | Found a staircase to the Swamp.
 21215 | Lair:3   | Identified a scroll of acquirement
 21216 | Lair:3   | Acquired the +4 kite shield of Leapfrog {rN+ Regen+ SInv}
 21310 | Lair:3   | Reached skill level 5 in Axes
 21365 | Lair:3   | Found a hole to the Spider Nest.
 21512 | Lair:3   | Found a runed translucent door.
 21515 | Lair:3   | Identified the +8 spear of the Thing {vamp, rF+ Str+2}
 21515 | Lair:3   | Noticed thriggle's ghost (journeyman BaIE)
 21566 | Lair:3   | Reached skill level 5 in Shields
 21685 | Lair:3   | Noticed Gastronok
 21795 | Lair:2   | Killed Gastronok
 23253 | Lair:4   | Noticed Kirke
 23265 | Lair:4   | Noticed a sphinx
 23272 | Lair:4   | Paralysed by a sphinx for 6 turns
 23276 | Lair:4   | HP: 6/177 [sphinx/divine providence[Kirke] (15)]
 23277 | Lair:4   | Elyvilon protects you from harm!
 23277 | Lair:4   | HP: 1/177 [sphinx[Kirke] (6)]
 23279 | Lair:4   | Paralysed by a sphinx for 5 turns
 23281 | Lair:4   | Slain by a harpy

Illustrated notes

Levels and vault maps discovered:
D:1:      mrwooster_arrival_statue_3, layout_loops_ring
D:2:      layout_loops_cross, old_standard_altar, minmay_distorted
D:3:      minmay_inner_zag, layout_basic, grunt_dithmenos_smoke, minitemple
D:4:      layout_basic, led_sif_book, okawaru_trees_1,
          minmay_temple_entry_statues_pillars, serial_shops, kennysheep_mini,
          gammafunk_ghost_grave, uniq_edmund
D:5:      layout_rooms, overflow_temple_1_default, uniq_blork_the_orc
D:6:      layout_gridville, kennysheep_mini_moat
D:7:      minmay_the_grid_triangle_9x9_rhombus_full
          [minmay_the_grid_triangle_9x9_limited_checkers,
          minmay_the_grid_triangle_9x9_shrine,
          minmay_the_grid_triangle_9x9_semitri,
          minmay_the_grid_triangle_9x9_swiss_cheese,
          minmay_the_grid_triangle_9x9_skeleton,
          minmay_the_grid_triangle_9x9_checkered,
          minmay_the_grid_triangle_9x9_sprig,
          minmay_the_grid_triangle_9x9_prize_top_heavy], layout_cave_pools,
          uniq_pikel, uniq_menkaure
D:8:      layout_loops_corners, vehumet_altar_wand_db, dpeg_lair_monsters,
          kennysheep_boxes
D:9:      layout_roguey [special_room_orc], dancing_weapons_uskayaw,
          kennysheep_little_box
D:10:     layout_roguey, david_orc_3
D:11:     layout_long_grid, portal_ice_cave_demonic_guard, uniq_urug
D:12:     layout_rooms, uniq_maurice
Temple:   jpeg_temple_alley_garden
Lair:1:   beast_lair_carwin_large_1, layout_hall_layers, gammafunk_ghost_grave
Lair:2:   layout_chaotic_city, ebering_ghost_disaster_area,
          serial_bayou_shore_a, lemuel_fruit_fields
Lair:3:   layout_cave_pods, swamp_mist, nicolae_spider_entry_orb_guardian,
          ebering_ghost_funeral_grove, uniq_gastronok
Lair:4:   layout_long_grid, gammafunk_ghost_necromancy, beast_lair_carwin_8,
          infiniplex_staircase_pool, serial_bayou_shore_b, uniq_kirke
Orc:1:    layout_caves, nicolae_orc_lava_tube
Orc:2:    grunt_orc_gardens, layout_diamond_mine, grunt_orc_garden,
          grunt_orc_garden, grunt_orc_garden, grunt_orc_garden, uniq_saint_roka

Skill      XL: |  1  2  3  4  5  6  7  8  9 10 11 12 13 |
---------------+----------------------------------------+-----
Fighting       | 1 2 3 4 6 7 8 10 11 12 | 12.3
Spellcasting   | 2 |  2.2
Conjurations   | 2 3 4 5 6 7 8 9 10 | 10.0
Fire Magic     | 4 5 6 7 9 10 | 10.4
Armour         | 1 2 3 5 6 7 9 10 11 | 11.1
Invocations    | 2 4 6 8 10 11 12 | 12.6
Shields        | 3 5 |  5.9
Axes           | 3 6 |  6.3
Dodging        | |  1.5
Stealth        | |  1.5

Action                   |  1- 3 |  4- 6 |  7- 9 | 10-12 | 13-15 || total
-------------------------+-------+-------+-------+-------+-------++-------
Melee: Unarmed           |    10 |     4 |       |       |       ||    14
       Short sword       |       |    80 |       |       |       ||    80
       Mace              |       |    71 |    21 |       |       ||    92
       Flail             |       |       |   123 |   735 |       ||   858
       War axe           |       |       |       |    96 |   436 ||   532
 Cast: Foxfire           |    40 |    38 |    58 |    12 |     5 ||   153
       Sticky Flame      |       |     1 |    20 |   110 |     2 ||   133
       Conjure Flame     |       |       |     1 |       |       ||     1
       Fireball          |       |       |       |    24 |       ||    24
Evoke: Wand              |       |       |     4 |    32 |     2 ||    38
  Use: Potion            |     1 |       |       |     5 |     5 ||    11
       Scroll            |       |       |     8 |    20 |     3 ||    31
 Stab: Sleeping          |       |     5 |       |       |       ||     5
Armor: Robe              |     6 |    34 |    57 |       |       ||    97
       Skin              |     4 |       |       |     7 |   122 ||   133
       Ring mail         |       |       |    10 |   548 |       ||   558
       Plate armour      |       |       |       |    91 |   489 ||   580
       Scale mail        |       |       |       |    34 |       ||    34
Dodge: Dodged            |    21 |    90 |   124 |   683 |   190 ||  1108
Block: Buckler           |       |       |       |    31 |   177 ||   208

Table legend: (Time is in decaauts)
 A = Elapsed time spent in this place.
 B = Non-inter-level travel time spent in this place.
 C = Inter-level travel time spent in this place.
 D = Time resting spent in this place.
 E = Time spent auto-exploring this place.
 F = Levels seen in this place.
 G = Mean time per level.
                   A        B        C        D        E       F      G
               +--------+--------+--------+--------+--------+-----+--------+
         Total |  23838 |  23185 |    653 |   8972 |   8919 |  20 | 1191.9 |
       Dungeon |  18191 |  17722 |    469 |   7351 |   6382 |  12 | 1515.9 |
        Temple |    168 |    135 |     33 |     78 |      0 |   1 |  168.0 |
          Lair |   4811 |   4684 |    127 |   1415 |   2163 |   4 | 1202.8 |
  Orcish Mines |    661 |    638 |     23 |    128 |    374 |   2 |  330.5 |
      Ice Cave |      6 |      6 |      0 |      0 |      0 |   1 |    6.0 |
               +--------+--------+--------+--------+--------+-----+--------+

Top non-repeatable levels by time:
     D:7: 2199 daAuts
     D:3: 1839 daAuts
     D:9: 1805 daAuts
     D:4: 1789 daAuts
    D:11: 1667 daAuts
     D:8: 1638 daAuts
    D:10: 1597 daAuts
  Lair:1: 1521 daAuts
     D:6: 1466 daAuts
  Lair:3: 1387 daAuts
     D:2: 1293 daAuts
    D:12: 1268 daAuts
  Lair:2: 1208 daAuts
     D:1: 1000 daAuts
  Lair:4: 692 daAuts
